 Dungeon Crawl Stone Soup version 0.27-a0-1196-g3e9cee4cb2 (webtiles) character file.

Game seed: 8178265770495626825

630 2tc the Cutter (level 7, -5/49 HPs)
             Began as a Djinni Gladiator on May 27, 2021.
             Was a Believer of Jiyva.
             Slain by a gnoll sergeant
             ... wielding a +1 trident of venom
              (7 damage)
             ... on level 5 of the Dungeon.
             The game lasted 00:12:38 (4647 turns).

2tc the Cutter (Djinni Gladiator)                   Turns: 4647, Time: 00:12:39

Health: -5/49      AC:  8    Str: 13    XL:     7   Next: 77%
Gold:   88         EV: 12    Int: 13    God:    Jiyva [**....] SH:  0 Dex: 13

rFire    + + .     SeeInvis .   f - +3 dagger (venom)
rCold    x . .     Faith    .   (no shield)
rNeg     . . .     Spirit   .   b - +0 leather armour
rPois    ∞         Reflect  .   (helmet currently unavailable)
rElec    .         Harm     .   o - +1 cloak
rCorr    .         Rampage  .   n - +2 pair of gloves
Will     .....                  (boots unavailable)
Stlth    +.........             (no amulet)
HPRegen  0.16/turn              (no ring)
MPRegen  0.00/turn              (no ring)

@: appendages, flying
A: horns 2, flying, sickness immunity, fire resistance 2, cold vulnerability 1,
float, innate caster, hp casting, extra vitality 1
a: End Transformation, Renounce Religion, Request Jelly


You were on level 5 of the Dungeon.
You worshipped Jiyva.
Jiyva was pleased with you.
You had temporarily grown beastly horns.
You visited 1 branch of the dungeon, and saw 5 of its levels.

You collected 88 gold pieces.

Inventory:

Hand Weapons
 a - a +0 long sword
 f - a +3 dagger of venom (weapon)
 l - a +2 short sword of flaming
Missiles
 d - 3 throwing nets (quivered)
Armour
 b - a +0 leather armour (worn)
 c - a +0 helmet (melded)
 n - a +2 pair of gloves (worn)
 o - a +1 cloak (worn)
Wands
 m - a wand of digging (7)
Scrolls
 p - a scroll of teleportation
Potions
 h - a potion of degeneration {unknown}
 i - a potion of invisibility {unknown}
 j - a potion of resistance {unknown}
 k - a potion of heal wounds {unknown}


   Skills:
 - Level 2.0 Fighting
 * Level 5.3(5.7) Short Blades
 - Level 2.6(4.3) Long Blades
 - Level 1.5 Throwing
 - Level 3.2 Dodging
 - Level 3.5 Spellcasting


You had 8 spell levels left.
You knew the following spells:

 Your Spells              Type           Power      Damage    Failure   Level
a - Beastly Appendage     Tmut           22%        N/A       6%          1
b - Wereblood             Tmut           11%        N/A       10%         2
c - Blink                 Tloc           N/A        N/A       10%         2
Your spell library was empty.

Dungeon Overview and Level Annotations

Branches:
Dungeon (5/15)
 Temple: D:4-7

Altars:
Kikubaaqudgha
Jiyva


Innate Abilities, Weirdness & Mutations

You have temporarily grown beastly horns.
You are flying.
You are immune to sickness and miasma.
You are immune to poison.
Your flesh is very heat resistant. (rF++)
You are vulnerable to cold. (rC-)
You float through the air rather than walking.
You learn spells naturally, not from books.
Your magical power is your life essence.
You have superior vitality. (+4 HP)


Message History

Your Short Blades skill increases to level 5!
Okay, then.
Okay, then.
Okay, then.
Casting: Beastly Appendage (safe; 6% risk of failure)
Confirm with . or Enter, or press ? or * to list all spells.
Okay, then.
Unknown command.
Unknown command.
Casting: Beastly Appendage (safe; 6% risk of failure)
Confirm with . or Enter, or press ? or * to list all spells.
You grow a pair of large bovine horns.
Your +0 helmet melds into your body.
The gnoll sergeant hits you with a +1 trident of venom!
You closely miss the gnoll sergeant. You closely miss the gnoll sergeant.
You headbutt the gnoll sergeant.
The gnoll sergeant is lightly wounded.
The gnoll sergeant barely misses you.
An orc comes into view. It is wielding a +0 short sword.
You closely miss the gnoll sergeant.
The gnoll sergeant is lightly wounded.
The gnoll sergeant hits you but does no damage.
You hit the gnoll sergeant but do no damage.
The gnoll sergeant is poisoned.
The gnoll sergeant is lightly wounded.
It was a potion of curing.
You feel better.
The gnoll sergeant hits you with a +1 trident of venom.
You hit the gnoll sergeant.
The gnoll sergeant looks as sick as possible!
The gnoll sergeant is moderately wounded.
The gnoll sergeant hits you with a +1 trident of venom!
* * * LOW HITPOINT WARNING * * *
It was a potion of magic.
Magic courses through your body.
The gnoll sergeant hits you with a +1 trident of venom.
* * * LOW HITPOINT WARNING * * *
Your leather armour prevents you from hitting the gnoll sergeant.
The gnoll sergeant is heavily wounded.
The gnoll sergeant hits you with a +1 trident of venom!
* * * LOW HITPOINT WARNING * * *
The gnoll sergeant hits you from afar with a +1 trident of venom!
You die...

.... #### #..# ....##..#
#....... ...#..# #
#^#..>.... ......$.. .#
#.#....#.#
##.##.#o##.##.#......#.#
.......g................
..........................
..##.##.#@).........#.....
.....##.#.##.<.........#..
..........................
./.............#.#.#..##.
#.#...#......#..........
#.......[.†.............
#.#...#.##.#.##.#.#..##.
##.#...#.##.#.##.#.......
...........#.#.##.#....#..


You could see a gnoll sergeant (extremely poisoned) and an orc.

Vanquished Creatures
  A black bear (D:3)
  A centaur (D:5)
  Blork the orc (D:4)
  A scorpion (D:4)
  A centaur zombie (D:5)
  Crazy Yiuf (D:3)
  A gnoll shaman (D:2)
  3 iguanas (D:5)
  2 orc wizards
  A howler monkey zombie (D:5)
  2 gnolls (D:2)
  3 adders
  A worm (D:2)
  4 orcs
  2 ball pythons
  2 endoplasms (D:1)
  A giant cockroach (D:1)
  5 goblins
  2 hobgoblins (D:1)
  15 jackals
  2 kobolds
  4 quokkas
  2 bats (D:1)
  2 frilled lizards
  A rat (D:2)
61 creatures vanquished.

Vanquished Creatures (others)
  Sigmund (D:3)
  4 jellies (D:3)
  2 orc wizards (D:3)
  A gnoll (D:2)
  A dart slug (D:3)
  6 orcs (D:3)
  A giant cockroach (D:3)
  A goblin (D:3)
  3 hobgoblins
  2 kobolds
  2 ball pythons (D:3)
  5 fungi (D:3)
  2 plants (D:4)
31 creatures vanquished.

Grand Total: 92 creatures vanquished

Notes
Turn   | Place    | Note
-------+----------+-------------------------------------------
     0 | D:1      | 2tc the Djinni Gladiator began the quest for the Orb.
     0 | D:1      | Reached XP level 1. HP: 18/18 MP: 0/0
   280 | D:1      | Reached skill level 1 in Spellcasting
   280 | D:1      | Reached XP level 2. HP: 18/23 MP: 0/0
   734 | D:1      | Reached XP level 3. HP: 19/28 MP: 0/0
   734 | D:1      | Learned a level 1 spell: Beastly Appendage
   895 | D:1      | Found a faded altar of an unknown god.
   903 | D:1      | Became a worshipper of Jiyva Jecrin the Shapeless
   903 | D:1      | Reached * piety under Jiyva
  1670 | D:2      | Reached skill level 1 in Short Blades
  1670 | D:2      | Reached XP level 4. HP: 23/33 MP: 0/0
  2203 | D:3      | Reached XP level 5. HP: 36/38 MP: 0/0
  2203 | D:3      | Learned a level 2 spell: Wereblood
  2391 | D:3      | Reached ** piety under Jiyva
  2404 | D:3      | Reached skill level 2 in Short Blades
  2464 | D:3      | Noticed a black bear
  2474 | D:3      | Killed a black bear
  2475 | D:3      | Reached XP level 6. HP: 20/43 MP: 0/0
  2841 | D:3      | Killed Sigmund
  3205 | D:3      | Found a runed translucent door.
  3205 | D:3      | Noticed Crazy Yiuf
  3216 | D:3      | Killed Crazy Yiuf
  3461 | D:4      | Reached skill level 3 in Short Blades
  3528 | D:4      | Noticed Blork the orc
  3790 | D:4      | Killed Blork the orc
  3791 | D:4      | Reached XP level 7. HP: 43/49 MP: 0/0
  3791 | D:4      | Learned a level 2 spell: Blink
  4195 | D:5      | Entered Level 5 of the Dungeon
  4261 | D:5      | Reached skill level 4 in Short Blades
  4636 | D:5      | Reached skill level 5 in Short Blades
  4646 | D:5      | HP: 2/49 [gnoll sergeant/+1 trident of venom (7)]
  4647 | D:5      | Slain by a gnoll sergeant

Illustrated notes

Levels and vault maps discovered:
D:1:      sevenhm_arrival_forest_fort_large_2, layout_loops_corners,
          hellmonk_ecumenical_altar_lost_god, chequers_serial_rivers_micro_d
D:2:      layout_loops_cross, basic_altar
D:3:      layout_loops_corners, uniq_sigmund, uniq_crazy_yiuf_cottage
D:4:      layout_basic, serial_bayou_pond_a, uniq_blork_the_orc
D:5:      layout_basic, minmay_manual_monstrance, uniq_ijyb

Skill      XL: |  1  2  3  4  5  6  7 |
---------------+----------------------+-----
Spellcasting   | 1 2 3 |  3.5
Short Blades   | 1 2 3 5 |  5.3
Fighting       | |  2.0
Long Blades    | |  2.6
Throwing       | |  1.5
Dodging        | |  3.2

Action                   |  1- 3 |  4- 6 |  7- 9 || total
-------------------------+-------+-------+-------++-------
Melee: Long sword        |    41 |       |       ||    41
       Dagger            |    46 |    62 |    50 ||   158
       Headbutt          |     1 |     6 |     4 ||    11
       Short sword       |       |       |    23 ||    23
 Cast: Beastly Appendage |     1 |     5 |     4 ||    10
  Use: Scroll            |     3 |     4 |     1 ||     8
       Potion            |       |       |     2 ||     2
Armor: Leather armour    |    15 |    14 |    33 ||    62
Dodge: Dodged            |    56 |    36 |    42 ||   134
       Rpst.: Long sword |    13 |       |       ||    13

Table legend: (Time is in decaauts)
 A = Elapsed time spent in this place.
 B = Non-inter-level travel time spent in this place.
 C = Inter-level travel time spent in this place.
 D = Time resting spent in this place.
 E = Time spent auto-exploring this place.
 F = Levels seen in this place.
 G = Mean time per level.
                   A        B        C        D        E       F      G
               +--------+--------+--------+--------+--------+-----+--------+
         Total |   4629 |   4483 |    146 |    983 |   3046 |   5 |  925.8 |
       Dungeon |   4629 |   4483 |    146 |    983 |   3046 |   5 |  925.8 |
               +--------+--------+--------+--------+--------+-----+--------+

Top non-repeatable levels by time:
     D:1: 1371 daAuts
     D:3: 1265 daAuts
     D:2: 811 daAuts
     D:4: 783 daAuts
     D:5: 397 daAuts
